Map: Galactic Process LE

Players

NoWorries - Winner!

  • Race: Terran Terran
  • League: Gold
  • Spawn Location: 1:00

Fropez

  • Race: Protoss Protoss
  • League: Gold
  • Spawn Location: 7:00

VOD

Have the link to the VOD?

Description

Time

  • Played on: Oct. 6, 2016, 7:04 p.m.
  • Length: 5:59
Show
View Real Time Build Order
Export as new Build Order

NoWorries Terran - Winner!

Build Orders:  

Get SALT Encoding   

  12  0:16  Refinery  
  12  0:17  SCV  
  13  0:26  Supply Depot  
  13  0:30  SCV  
  14  0:45  SCV  
  14  0:49  Barracks  
  16  0:57  SCV  
  16  1:07  Barracks  
  17  1:18  SCV  
  17  1:26  Barracks  
  17  1:36  Refinery  
  17  1:38  Reaper  
  17  1:54  Reaper  
  17  1:59  Orbital Command  
  18  2:12  Reaper  
  18  2:14  Reaper  
  20  2:25  SCV  
  20  2:29  Supply Depot  
  21  2:33  Reaper  
  22  2:52  Reaper x2  
  22  3:23  Reaper  
  22  3:24  Reaper x2  
  25  4:06  Reaper x3  
  27  4:18  Factory  
  26  4:38  Reaper x3  
  27  5:10  Reaper x2  
  28  5:33  Factory Tech Lab  
  28  5:34  Supply Depot  
  28  5:35  Factory  
  28  5:36  Supply Depot  
Show
View Real Time Build Order
Export as new Build Order

Fropez Protoss 

Build Orders:  

Get SALT Encoding   

  12  0:01  Probe (Chrono Boost)  
  13  0:17  Pylon, Probe (Chrono Boost)  
  14  0:27  Probe (Chrono Boost)  
  15  0:36  Gateway  
  15  0:38  Probe (Chrono Boost)  
  16  0:48  Probe (Chrono Boost)  
  17  0:51  Assimilator  
  17  0:59  Probe (Chrono Boost)  
  18  1:10  Probe (Chrono Boost)  
  19  1:12  Pylon  
  19  1:20  Pylon, Probe (Chrono Boost)  
  20  1:31  Probe (Chrono Boost)  
  21  1:41  Probe (Chrono Boost)  
  22  1:52  Probe (Chrono Boost)  
  22  1:53  Cybernetics Core  
  23  2:01  Pylon  
  23  2:02  Probe (Chrono Boost)  
  23  2:07  Gateway  
  24  2:11  Assimilator  
  24  2:13  Probe (Chrono Boost)  
  25  2:18  Pylon  
  25  2:23  Probe (Chrono Boost)  
  26  2:36  Mothership Core (Chrono Boost)  
  28  2:37  Adept  
  28  2:38  Warp Gate (Chrono Boost)  
  29  3:00  Adept  
  29  3:04  Probe (Chrono Boost)  
  32  3:09  Adept  
  32  3:11  Nexus  
  33  3:23  Probe (Chrono Boost)  
  33  3:27  Adept, Pylon  
  32  3:33  Probe (Chrono Boost)  
  32  3:49  Adept  
  32  3:50  Probe  
  32  4:05  Twilight Council  
  32  4:08  Adept  
  30  4:49  Zealot  
  30  4:51  Zealot  
  30  5:12  Stalker  
  30  5:22  Probe  
  30  5:23  Probe  
  32  5:29  Stalker  
  34  5:37  Stalker  
Tags
 
League
GoldGold
Matchup
PvT
Replay Pack
All Mines
Spawn Locations
Cross Positions
Add a new tag
Caveats
  • Supply blocks, unpowered buildings, or Contaminate may cause inaccurate times.
  • Supply counts are checked every 10 seconds.